 Dungeon Crawl Stone Soup version 0.19-a0-1498-g0b85ae9 (webtiles) character file.

191 Sixotanaka the Caller (level 5, -3/35 HPs)
             Began as a Vampire Summoner on Sept 10, 2016.
             Slain by Pikel
             ... wielding a +1 whip of electrocution
              (15 damage)
             ... on level 3 of the Dungeon.
             The game lasted 00:14:33 (4404 turns).

Sixotanaka the Caller (Vampire Summoner)            Turns: 4404, Time: 00:14:33

Health: -3/35      AC:  3    Str:  7    XL:     5   Next: 42%
Magic:  3/8        EV: 13    Int: 18    God:
Gold:   241        SH:  0    Dex: 15    Spells: 2 memorised, 4 levels left

rFire  . . .     SeeInvis +     p - +0 trident
rCold  . . .     Gourm    .     a - +0 robe
rNeg   + + .     Faith    .     (no shield)
rPois  .         Spirit   .     o - +0 helmet
rElec  .         Dismiss  .     (no cloak)
rCorr  +         Reflect  .     (no gloves)
MR     .....     Harm     .     (no boots)
Stlth  ++........               n - amulet of magic regeneration
                                r - ring of positive energy
                                q - ring of resist corrosion

@: no status effects
A: fangs 3, see invisible, unbreathing
a: Bat Form


You were on level 3 of the Dungeon.
You were not thirsty.

You visited 1 branch of the dungeon, and saw 4 of its levels.

You collected 241 gold pieces.


Innate Abilities, Weirdness & Mutations

You have razor-sharp teeth.
You have supernaturally acute eyesight. (SInv)
You can survive without breathing.


   Skills:
 - Level 2.1 Dodging
 - Level 3.0 Stealth
 - Level 2.0 Spellcasting
 + Level 6.8 Summonings


You had 4 spell levels left.
You knew the following spells:

 Your Spells              Type           Power        Failure   Level  Hunger
a - Summon Small Mammal   Summ           ####         1%          1    #......
b - Call Canine Familiar  Summ           ####....     3%          3    ###....


Dungeon Overview and Level Annotations

Branches:
Dungeon (4/15)             Temple (0/1) D:4

Altars:
Ashenzari
Elyvilon
Uskayaw
Zin

Annotations:
D:3 Pikel
D:4 exclusion: ogre, Blork the orc

Inventory:

Hand Weapons
 p - a +0 trident (weapon)
   (You took it off an orc on level 3 of the Dungeon)
Missiles
 l - 15 poisoned needles
Armour
 a - a +0 robe (worn)
 o - a +0 helmet (worn)
   (You found it on level 3 of the Dungeon)
Jewellery
 n - an amulet of magic regeneration (around neck)
   (You found it on level 3 of the Dungeon)
 q - a ring of resist corrosion (left hand)
   (You found it on level 3 of the Dungeon)
 r - a ring of positive energy (right hand)
   (You found it on level 4 of the Dungeon)
 t - an uncursed amulet of guardian spirit
   (You found it on level 4 of the Dungeon)
Scrolls
 d - a scroll of noise {unknown}
 e - a scroll of remove curse {@r2}
 f - a scroll of magic mapping {unknown}
 g - 4 scrolls of teleportation {@r4}
 h - a scroll of immolation {!r}
 i - a scroll of identify {unknown}
 k - a scroll of amnesia {unknown}
 s - a scroll of random uselessness {unknown}
Potions
 c - 13 potions of blood {@q0}
 j - a potion of cancellation {unknown}
 m - a potion of brilliance {unknown}
Books
 b - a book of Callings

...##.#.[###########.........#
..###..#)## #.........# ..#
##.#..##########.........# ..#
#......#.#.#.#..........# #.#
#...)[........########### #.#
##..<..#[#.#>## #.#
#...>(.....h.# ..#
#.....#.#.#K## .##
#.........@..#
.######.....#.#.#.##
.......(....##.####
...........<##.##
..)....#######..## .......#
##..# .......### ##.####
.........#######....#####
.......#........[.#.....#


You could see Pikel and a friendly hound.


Message History

You start resting.
You climb downwards.
Level annotation: exclusion: ogre, Blork the orc, Pikel
There is a stone staircase leading up here.
What are your orders? t - Shout!
Orders for allies: a - Attack new target. r - Retreat! s - Stop attacking. g - Guard the area. f - Follow me.
Anything else - Cancel.
Gang up on whom?
Aim: Pikel, wielding a whip of electrocution and wearing a robe Attack!
Your hound barely misses Pikel.
Your hound closely misses Pikel.
Your bat closely misses Pikel.
Pikel closely misses you.
Your hound misses Pikel.
Your quokka bites Pikel.
You climb upwards.
Your summoned ally is left behind.
There is a stone staircase leading down here.
Pikel hits you but does no damage.
Pikel hits you with a whip of electrocution!
You are electrocuted!
* * * LOW HITPOINT WARNING * * *
Your hound barely misses Pikel.
Pikel cracks his whip.
Pikel completely misses you.
Your hound bites Pikel.
Your hound barely misses Pikel.
Pikel hits your quokka but does no damage.
Your quokka barely misses Pikel.
Your hound bites Pikel.
Attack whom?
Aim: Pikel, wielding a whip of electrocution and wearing a robe (lightly wounded)
You could not reach far enough!
Your hound barely misses Pikel.
Pikel misses your quokka.
Your quokka misses Pikel. Your hound misses Pikel.
Pikel barely misses your quokka.
Your quokka barely misses Pikel.
Attack whom?
Aim: Pikel, wielding a whip of electrocution and wearing a robe (lightly wounded)
You reach to attack!
You closely miss Pikel. Your hound misses Pikel.
Your quokka bites Pikel but does no damage.
Pikel hits your quokka with a whip of electrocution.
There is a sudden explosion of sparks!
Your quokka dies!
Your quokka's corpse disappears in a puff of smoke!
Your hound bites Pikel but does no damage.
Attack whom?
Aim: Pikel, wielding a whip of electrocution and wearing a robe (lightly wounded)
You reach to attack!
You miss Pikel.
Your hound bites Pikel but does no damage.
Your hound barely misses Pikel.
Pikel hits you with a whip of electrocution.
* * * LOW HITPOINT WARNING * * *
You are electrocuted!
You die...

Vault maps used:
D:1:      zelgadis_glass_arrival_small
D:2:      first_bread
D:3:      ashenzari_altar_1, gammafunk_temple_overflow_statue, st_stairs_8
D:4:      lemuel_crystal_altar, old_standard_altar, uniq_pikel,
          uniq_blork_the_orc

Vanquished Creatures
  A slave (D:4)
  A giant frog (D:4)
  2 adders (D:2)
  A worm (D:3)
  2 giant geckos (D:3)
  2 orcs (D:3)
  3 bats
  2 giant cockroaches
  3 goblins (D:2)
  2 hobgoblins
  A jackal (D:2)
  3 kobolds
  A giant gecko skeleton (D:4)
  3 rats
27 creatures vanquished.

Vanquished Creatures (collateral kills)
  2 slaves
  2 orc wizards (D:3)
  An iguana (D:4)
  6 adders
  2 worms
  3 giant geckos
  4 orcs (D:3)
  7 bats
  5 giant cockroaches
  3 goblins (D:2)
  2 hobgoblins (D:1)
  4 jackals (D:2)
  4 quokkas
  5 kobolds
  2 rats
52 creatures vanquished.

Grand Total: 79 creatures vanquished

Table legend:
 A = Turns spent in this place as a percentage of turns spent in the entire game.
 B = Non-inter-level travel turns spent in this place as a percentage of non-inter-level travel turns spent in the entire game.
 C = Inter-level travel turns spent in this place as a percentage of turns spent in this place.
 D = Turns resting spent in this place as a percentage of non-inter-level travel turns spent in this place.
 E = Turns spent auto-exploring this place as a percentage of non-inter-level travel turns spent in this place.
 F = Non-inter-level travel turns spent in this place divided by the number of levels of this place that you've seen.
                   A       B       C       D       E      F
               +-------+-------+-------+-------+-------+----------------------
         Total | 100.0 | 100.0 |   0.7 |  10.3 |   9.5 | 339.2
       Dungeon | 100.0 | 100.0 |   0.7 |  10.3 |   9.5 | 339.2
               +-------+-------+-------+-------+-------+----------------------

Table legend:
 A = Kills in this place as a percentage of kills in entire the game.
 B = Kills by you in this place as a percentage of kills by you in the entire game.
 C = Kills by friends in this place as a percentage of kills by friends in the entire game.
 D = Other kills in this place as a percentage of other kills in the entire game.
 E = Experience gained in this place as a percentage of experience gained in the entire game.
 F = Experience gained in this place divided by the number of levels of this place that you have seen.
                   A       B       C       D       E      F
               +-------+-------+-------+-------+-------+----------------------
         Total | 100.0 | 100.0 | 100.0 |  -nan | 100.0 |  68.5
       Dungeon | 100.0 | 100.0 | 100.0 |  -nan | 100.0 |  68.5
               +-------+-------+-------+-------+-------+----------------------

Notes
Turn   | Place    | Note
-------+----------+-------------------------------------------
     0 | D:1      | Sixotanaka the Vampire Summoner began the quest for the Orb.
     0 | D:1      | Reached XP level 1. HP: 13/13 MP: 3/3
   395 | D:1      | Reached XP level 2. HP: 18/19 MP: 0/5
  1030 | D:2      | Reached skill level 5 in Summonings
  1030 | D:2      | Reached XP level 3. HP: 20/24 MP: 2/6
  1083 | D:2      | Learned a level 3 spell: Call Canine Familiar
  1994 | D:3      | Reached XP level 4. HP: 30/30 MP: 1/7
  2300 | D:3      | Reached skill level 6 in Summonings
  2742 | D:3      | Found a shattered altar of Ashenzari.
  2887 | D:3      | Found a white marble altar of Elyvilon.
  2888 | D:3      | Found a hide-covered altar of Uskayaw.
  3019 | D:4      | Noticed an ogre
  3049 | D:4      | Found a glowing silver altar of Zin.
  3070 | D:4      | Reached XP level 5. HP: 25/35 MP: 5/8
  3260 | D:4      | Noticed Blork the orc
  3296 | D:4      | HP: 4/35 [Blork the orc/puff of flame (7)]
  3661 | D:4      | Noticed a slave
  3662 | D:4      | Noticed Pikel
  3663 | D:4      | Noticed a slave
  3771 | D:4      | Noticed a slave
  3797 | D:4      | Killed a slave
  3831 | D:3      | Killed a slave
  4048 | D:4      | Killed a slave
  4076 | D:4      | Found a staircase to the Ecumenical Temple.
  4098 | D:4      | Noticed a slave
  4136 | D:4      | HP: 7/35 [Blork the orc/trident of protection (8)]
  4404 | D:3      | Slain by Pikel

Action                   |  1- 3 |  4- 6 || total
-------------------------+-------+-------++-------
Melee: Unarmed           |    13 |       ||    13
       Whip              |     7 |       ||     7
       Spear             |    49 |    30 ||    79
       Trident           |       |    67 ||    67
       Bite              |       |     1 ||     1
 Cast: Summon Small Mamm |    57 |    28 ||    85
       Call Canine Famil |    13 |    35 ||    48
  Use: Potion            |     4 |    10 ||    14
       Scroll            |       |     3 ||     3
 Stab: Distracted        |     4 |     1 ||     5
       Sleeping          |     2 |     3 ||     5
Armor: Robe              |    13 |    15 ||    28
Dodge: Dodged            |    46 |    58 ||   104
